 Dungeon Crawl Stone Soup version 0.21-a0-207-g4a9efaf (webtiles) character file.

393 Monstered the Ruffian (level 6, -5/62 HPs)
             Began as a Troll Chaos Knight on Aug 20, 2017.
             Slain by a gnoll
             ... wielding a +0 halberd
              (16 damage)
             ... on level 4 of the Dungeon.
             The game lasted 00:04:55 (2972 turns).

Monstered the Ruffian (Troll Chaos Knight)          Turns: 2972, Time: 00:04:55

Health: -5/62      AC:  7    Str: 28    XL:     6   Next: 51%
Magic:  5/5        EV: 10    Int:  8    God:    Xom [...*..]
Gold:   161        SH:  0    Dex:  9    Spells: 5/5 levels left

rFire    . . .     SeeInvis .     - Unarmed
rCold    . . .     Gourm    +   (no shield)
rNeg     . . .     Faith    .   a - +2 robe
rPois    .         Spirit   .   (helmet restricted)
rElec    .         Reflect  .   (no cloak)
rCorr    .         Harm     .   (gloves unavailable)
MR       .....                  (boots unavailable)
Stlth    +.........             (no amulet)
HPRegen  0.60/turn              (no ring)
MPRegen  0.09/turn              (no ring)

@: mighty
A: unfitting armour, claws 3, fast metabolism 3, gourmand, regeneration 1,
shaggy fur 1, tough skin 2
a: Renounce Religion


You were on level 4 of the Dungeon.
You worshipped Xom.
You were a favourite toy of Xom.
You were not hungry.

You visited 1 branch of the dungeon, and saw 4 of its levels.

You collected 161 gold pieces.

Inventory:

Missiles
 c - 92 stones (quivered)
Armour
 a - a +2 robe (worn)
Wands
 g - a wand of disintegration (16/24)
 l - a wand of scattershot (5/9)
Scrolls
 d - a scroll of fear {unknown}
 e - a scroll of fog {unknown}
 f - a scroll of immolation {unknown}
 h - a scroll of identify {unknown}
Comestibles
 b - 5 bread rations
 i - a meat ration


   Skills:
 + Level 4.0 Fighting
 - Level 1.9 Dodging
 * Level 6.2 Unarmed Combat
 + Level 0.4 Evocations


You had 5 spell levels left.
You didn't know any spells.

Dungeon Overview and Level Annotations

Branches:
Dungeon (4/15)
 Temple: D:4-7

Altars:
Fedhas
Kikubaaqudgha
Ru
Xom
The Shining One


Innate Abilities, Weirdness & Mutations

You are too large for most types of armour.
You have claws for hands.
Your metabolism is lightning-fast.
You like to eat raw meat.
Your natural rate of healing is unusually fast.
You are covered in fur. (AC +1)
You have very tough skin. (AC +2)


Message History

Unknown command.
Unknown command.
It was a potion of might.
You feel very mighty all of a sudden. The gnoll misses you.
Unknown command.
Unknown command.
Unknown command.
Okay, then.
Unknown command.
You mangle the gnoll!!
You kill the gnoll!
Unknown command.
You claw the ogre!
The ogre is moderately wounded.
You closely miss the ogre.
The ogre is moderately wounded.
The gnoll hits you from afar with a halberd!
You die...
Xom cackles wildly!

########### #+# #.........# #.#
#.#######.# #.# #.#.....#.# #)#
#.#.###.#.# #@# # #.#.......# #O#
##.#.#.....#####g#
......<..........#
##############.)#################
..........................
≈≈≈≈≈≈≈....≈≈≈≈≈≈≈≈≈≈≈≈≈≈≈
≈≈≈≈≈≈≈....≈≈≈≈≈≈≈≈≈≈≈≈≈≈≈
≈≈≈≈≈≈≈....≈≈≈≈≈≈≈≈≈≈≈≈###


You could see an ogre and a gnoll.

Vanquished Creatures
  A bullfrog (D:3)
  A hound (D:3)
  2 gnoll shamans (D:4)
  2 orc wizards (D:3)
  Natasha (D:3)
  5 gnolls (D:4)
  6 adders
  An adder skeleton (D:3)
  A worm (D:2)
  A dart slug (D:1)
  A leopard gecko (D:2)
  3 orcs (D:3)
  4 giant cockroaches
  6 goblins
  6 hobgoblins
  5 jackals
  A quokka (D:2)
  2 ball pythons (D:1)
  8 bats
  3 frilled lizards
  4 kobolds (D:1)
  5 rats
69 creatures vanquished.

Vanquished Creatures (collateral kills)
  A jackal (D:4)
1 creature vanquished.

Grand Total: 70 creatures vanquished

Notes
Turn   | Place    | Note
-------+----------+-------------------------------------------
     0 | D:1      | Monstered the Troll Chaos Knight began the quest for the Orb.
     0 | D:1      | Reached XP level 1. HP: 22/22 MP: 0/0
   288 | D:1      | Reached XP level 2. HP: 23/29 MP: 1/1
   638 | D:1      | XOM: cast spell 'Call Canine Familiar'
   775 | D:1      | XOM: harmless Summ miscast
   857 | D:2      | XOM: divination: detect items
  1022 | D:2      | Reached skill level 4 in Unarmed Combat
  1027 | D:2      | Reached XP level 3. HP: 36/36 MP: 2/2
  1373 | D:2      | XOM: harmless Fire miscast
  1653 | D:3      | XOM: potion effect (agility)
  1663 | D:3      | Reached XP level 4. HP: 42/45 MP: 3/3
  1762 | D:3      | Noticed a bullfrog
  1766 | D:3      | Killed a bullfrog
  1766 | D:3      | Reached skill level 5 in Unarmed Combat
  1766 | D:3      | Reached XP level 5. HP: 48/53 MP: 4/4
  1770 | D:3      | XOM: harmless Chrm miscast
  1828 | D:3      | Found an ancient bone altar of Kikubaaqudgha.
  1838 | D:3      | Found a transporter.
  1852 | D:3      | Found a transporter.
  1855 | D:3      | Noticed Natasha
  1921 | D:3      | Found a sacrificial altar of Ru.
  1922 | D:3      | Found a glowing golden altar of the Shining One.
  1952 | D:3      | Found a blossoming altar of Fedhas.
  2207 | D:3      | XOM is BORED!
  2207 | D:3      | XOM: mild Tmut miscast
  2349 | D:3      | Found a glowing drain.
  2512 | D:3      | XOM: medium Air miscast
  2579 | D:3      | XOM: scenery: create altars
  2604 | D:3      | Killed Natasha
  2604 | D:3      | Reached XP level 6. HP: 59/62 MP: 5/5
  2709 | D:4      | XOM: summons friendly quasit
  2729 | D:4      | Reached skill level 6 in Unarmed Combat
  2813 | D:4      | XOM: god gift: wand of scattershot (?/9) {god gift}
  2951 | D:4      | XOM: polymorph gnoll -> jackal
  2972 | D:4      | Slain by a gnoll

Vault maps used:
D:1:      sevenhm_arrival_forest_fort_small_5
D:2:      first_bread
D:3:      gammafunk_temple_overflow_arena, lemuel_doored_altar,
          portal_sewer_entry_d, kennysheep_generic_room_15, uniq_natasha
D:4:      lemuel_castle_with_subvaults, marbit_many_paths,
          nicolae_overflow_crystal_walls, temple_statues, minmay_checkerbox

Skill      XL: |  1  2  3  4  5  6 |
---------------+-------------------+-----
Unarmed Combat | 4 5 6 |  6.2
Fighting       | 3 4 |  4.0
Dodging        | |  1.9
Evocations     | |  0.4

Action                   |  1- 3 |  4- 6 || total
-------------------------+-------+-------++-------
Melee: Unarmed           |   117 |    99 ||   216
       Punch             |     1 |     2 ||     3
  Use: Scroll            |     4 |       ||     4
       Potion            |     3 |     1 ||     4
 Stab: Sleeping          |     1 |       ||     1
  Eat: Chunk             |    16 |    12 ||    28
Armor: Robe              |    59 |    34 ||    93
Dodge: Dodged            |    96 |    44 ||   140
